 Dungeon Crawl Stone Soup version 0.28.0-45-g0d030f2227 (webtiles) character file.

Game seed: 5040686518462720580

50 burmascar the Ogre Mage (level 3, -2/31 HPs)
             Began as an Ogre Hedge Wizard on Apr 20, 2022.
             Was a Follower of Vehumet.
             Slain by a hobgoblin (4 damage)
             ... on level 2 of the Dungeon.
             The game lasted 00:22:56 (2218 turns).

burmascar the Ogre Mage (Ogre Hedge Wizard)         Turns: 2218, Time: 00:22:57

Health: -2/31      AC:  3    Str: 14    XL:     3   Next: 79%
Magic:  3/8        EV:  9    Int: 17    God:    Vehumet [*.....]
Gold:   34         SH:  0    Dex:  8    Spells: 3/10 levels left

rFire   . . .      SeeInvis .   a - +0 dagger
rCold   . . .      Faith    .   (no shield)
rNeg    . . .      Spirit   .   i - +0 robe
rPois   .          Reflect  .   d - +0 hat
rElec   .          Harm     .   (no cloak)
rCorr   .          Rampage  .   (gloves unavailable)
Will    .....                   (boots unavailable)
Stlth   +.........              (no amulet)
HPRegen 0.10/turn               (no ring)
MPRegen 0.11/turn               (no ring)

@: lethally poisoned (-2 -> -11)
A: large, unfitting armour, tough skin 1
a: Renounce Religion


You were on level 2 of the Dungeon.
You worshipped Vehumet.
Vehumet was aware of your devotion.
You visited 1 branch of the dungeon, and saw 2 of its levels.

You collected 34 gold pieces.

Inventory:

Hand Weapons
 a - a +0 dagger (weapon)
 g - a +0 dagger
Missiles
 b - 22 stones
Armour
 d - a +0 hat (worn)
 i - a +0 robe (worn)
Scrolls
 c - a scroll of enchant weapon {unknown}
 f - a scroll of amnesia {unknown}
Potions
 e - a potion of flight {unknown}
 h - a potion of curing {unknown}


   Skills:
 * Level 1.0 Armour
 + Level 2.1 Dodging
 - Level 1.5 Stealth
 + Level 4.3 Spellcasting
 + Level 1.0 Conjurations
 * Level 1.3 Summonings
 + Level 0.8 Translocations
 * Level 0.2 Fire Magic


You had 3 spell levels left.
You knew the following spells:

 Your Spells              Type           Power      Damage    Failure   Level
a - Magic Dart            Conj           28%        1d4       10%         1
b - Call Imp              Summ           8%         N/A       14%         2
c - Conjure Flame         Conj/Fire      5%         6-21      34%         3
d - Sandblast             Erth           6%         2d5       16%         1

Your spell library contained the following spells:

 Spells                   Type           Power      Damage    Failure   Level
 Slow                     Hex            12%        N/A       16%         1
 Blink                    Tloc           12%        N/A       16%         2
 Mephitic Cloud           Conj/Pois/Air  4%         N/A       36%         3


Dungeon Overview and Level Annotations

Branches:
Dungeon (2/15)

Altars:
Vehumet


Innate Abilities, Weirdness & Mutations

You are too large for most types of armour.
You have tough skin. (AC +1)


Message History

Press: ? - help, Shift-Dir - straight line, f/p - adder
Aim: an adder (severely wounded, ally target, 100% to hit)
The magic dart hits the adder.
The adder is almost dead.
You feel sick. The adder bites you but does no damage.
The hobgoblin barely misses you. The adder bites you.
You are more poisoned.
The adder poisons you!
Your crimson imp blinks!
The adder bites you but does no damage.
You miss the adder.
The adder is almost dead.
You feel sick. The adder bites you.
You are more poisoned.
The adder poisons you! The hobgoblin closely misses you.
The adder bites you but does no damage.
Casting: Magic Dart (safe; 10% risk of failure)
Confirm with . or Enter, or press ? or * to list all spells.
Aiming: Magic Dart (safe; 10% risk of failure)
Press: ? - help, Shift-Dir - straight line, f/p - adder
Aim: an adder (almost dead, ally target, 100% to hit)
The magic dart hits the adder.
You kill the adder!
Vehumet accepts your kill.
You feel very sick. The hobgoblin hits you. The adder barely misses you.
Your crimson imp hits the hobgoblin but does no damage.
Your Armour skill increases to level 1!
* * * LOW HITPOINT WARNING * * *
You feel sick. The adder closely misses you. The adder bites you.
* * * LOW HITPOINT WARNING * * *
You are more poisoned.
The adder poisons you!
You see here an adder corpse.
* * * LOW HITPOINT WARNING * * *
You feel very sick.
There is a stone staircase leading up here.
* * * LOW HITPOINT WARNING * * *
You feel sick. The hobgoblin hits you.
You die...

.. .#
.####.###.#######
...#......#.....
#..............
.###...........>.
.................
#...†.........
#....S......(.
#...5g@.......
##............
##.....#.....
####......##
###...$.. ##....
.... ..


You could see an adder, a hobgoblin (ally target) and a friendly crimson imp
(summoned).

Vanquished Creatures
  An adder (D:2)
  2 dart slugs (D:1)
  5 ball pythons (D:1)
  2 endoplasms (D:1)
  3 giant cockroaches (D:1)
  2 goblins (D:1)
  2 hobgoblins
  5 jackals (D:1)
  3 kobolds (D:1)
  A quokka (D:1)
  A frilled lizard (D:1)
  2 rats (D:1)
29 creatures vanquished.

Vanquished Creatures (collateral kills)
  An endoplasm (D:1)
  A jackal (D:1)
  A ball python (D:1)
3 creatures vanquished.

Vanquished Creatures (others)
  A fungus (D:1)
  2 plants (D:1)
3 creatures vanquished.

Grand Total: 35 creatures vanquished

Notes
Turn   | Place    | Note
-------+----------+-------------------------------------------
     0 | D:1      | burmascar the Ogre Hedge Wizard began the quest for the
                  | Orb.
     0 | D:1      | Reached XP level 1. HP: 16/16 MP: 5/5
   317 | D:1      | Reached skill level 4 in Spellcasting
   348 | D:1      | Reached XP level 2. HP: 24/24 MP: 0/7
  1271 | D:1      | Learned a level 2 spell: Call Imp
  1279 | D:1      | Reached skill level 1 in Summonings
  1404 | D:1      | Reached XP level 3. HP: 31/31 MP: 5/8
  1447 | D:1      | Reached skill level 1 in Conjurations
  1482 | D:1      | Learned a level 3 spell: Conjure Flame
  1720 | D:1      | Found a faded altar of an unknown god.
  1977 | D:1      | Prayed at the altar of an unknown god.
  1977 | D:1      | Became a worshipper of Vehumet
  1977 | D:1      | Reached * piety under Vehumet
  1977 | D:1      | Offered knowledge of Sandblast by Vehumet.
  1984 | D:1      | Learned a level 1 spell: Sandblast
  2216 | D:2      | Reached skill level 1 in Armour
  2218 | D:2      | Slain by a hobgoblin

Illustrated notes

Levels and vault maps discovered:
D:1:      shiori_arrival_elements, layout_basic,
          dreamdust_ecumenical_altar_hidden_monk_grotto, minivault_14
D:2:      layout_rooms

Skill      XL: |  1  2  3 |
---------------+----------+-----
Spellcasting   | 4 |  4.3
Dodging        | 2 |  2.1
Summonings     | 1 |  1.3
Conjurations   | 1 |  1.0
Armour         | 1 |  1.0
Stealth        | |  1.5
Translocations | |  0.8
Fire Magic     | |  0.2

Action                   || total
-------------------------++-------
Melee: Dagger            ||    64
       Punch             ||     2
 Cast: Magic Dart        ||    51
       Call Imp          ||     8
Armor: Robe              ||    36
Dodge: Dodged            ||    43
